 Dungeon Crawl Stone Soup version 0.31-a0-237-g2d982f9f85 (webtiles) character file.

Game seed: 4724907600603994074

1782805 TittyCrusher the Conqueror (level 27, 249/249 HPs)
             Began as a Demonspawn Gladiator on July 7, 2023.
             Was the Champion of Makhleb.
             Escaped with the Orb
             ... and 3 runes on July 12, 2023!
             The game lasted 03:48:15 (67897 turns).

TittyCrusher the Conqueror (Demonspawn Gladiator)  Turns: 67897, Time: 03:48:16

Health: 249/249    AC: 46    Str: 31    XL:     27
Magic:  24/24      EV: 17    Int: 17    God:    Makhleb [******]
Gold:   4629       SH:  8    Dex: 19    Spells: 23/26 levels left

rFire   + + .        b - +8 great mace (spect)
rCold   + . .        (shield currently unavailable)
rNeg    + + +        K - +8 gold dragon scales
rPois   +            (helmet unavailable)
rElec   .            Y - +4 dragonskin cloak
rCorr   +            e - +2 pair of gloves {hurl}
SInv    .            p - +2 pair of boots
Will    +++..        D - amulet of Jivuam {rN+ Regen+ Int+3} Stlth
                     S - ring of Pattotot {rN+ rCorr MP-9 Str+3 Dex+6}
HPRegen 1.41/turn    l - ring "Munaucu" {rF+ rN+ Will+ rCorr}
MPRegen 0.19/turn

%: no passive effects
@: no status effects
A: horns 3, large bone plates 3, ignite blood 3, spiny 3, black mark,
bedeviling, aura of silence, clever 1, clumsy 1, strong 1
0: Orb of Zot
}: 3/15 runes: decaying, silver, gossamer
a: Renounce Religion, Minor Destruction, Lesser Servant of Makhleb, Major
Destruction, Greater Servant of Makhleb


You escaped.
You worshipped Makhleb.
Makhleb was exalted by your worship.
You visited 11 branches of the dungeon, and saw 51 of its levels.
You visited the Abyss 2 times.
You visited 1 bazaar.
You also visited: Trove, Bailey, Gauntlet and Wizlab.

You collected 10230 gold pieces.
You spent 5601 gold pieces at shops.

Inventory:

Hand Weapons
 a - a +9 great mace of freezing
 b - a +8 spectral great mace (weapon)
 B - a +1 vampiric great mace
Missiles
 i - 6 throwing nets
Armour
 e - a +2 pair of gloves of hurling (worn)
 p - a +2 pair of boots (worn)
 K - +8 gold dragon scales (worn)
 Y - the +4 dragonskin cloak (worn)
   (You took it off Tiamat on level 3 of the Realm of Zot)

   Avatar's Aegis: It grants the wearer a chance to resist fire, cold, poison,
   electricity, acid, and negative energy.
Magical Staves
 Q - the staff of the Pharaoh's Fist {+Blink rN+ Necro}
   (You found it on level 2 of the Depths)

   [staff of death]

   Base accuracy: +5 Base damage: 5 Base attack delay: 1.2 This weapon's minimum
   attack delay (0.6) is reached at skill level 12.
   rN:        It protects you from negative energy.
   +Blink:    It lets you blink.
   Necro:     It increases the power of your Necromancy spells.
   It falls into the 'Staves' category.
   It is a one-handed weapon.
Jewellery
 f - the ring "Nupaqat" {MP+9 EV+5 Str+2}
   (You found it in a Gauntlet)

   [ring of evasion]

   EV:        It affects your evasion (+5).
   Str:       It affects your strength (+2).
   MP:        It affects your magic capacity (+9).
 l - the ring "Munaucu" (right hand) {rF+ rN+ Will+ rCorr}
   (You found it on level 3 of the Crypt)

   [ring of resist corrosion]

   rF:        It protects you from fire.
   rN:        It protects you from negative energy.
   rCorr:     It protects you from acid and corrosion.
   Will:      It increases your willpower.
 q - a ring of positive energy
 C - a ring of see invisible
 D - the amulet of Jivuam (around neck) {rN+ Regen+ Int+3}
   (You took it off a deep elf knight on level 1 of the Elven Halls)

   [amulet of regeneration]

   Int:       It affects your intelligence (+3).
   rN:        It protects you from negative energy.
   Regen:     It increases your rate of health regeneration.
 F - a ring of flight
 S - the ring of Pattotot (left hand) {rN+ rCorr MP-9 Str+3 Dex+6}
   (You took it off a deep elf sorcerer on level 3 of the Elven Halls)

   [ring of dexterity]

   Str:       It affects your strength (+3).
   Dex:       It affects your dexterity (+6).
   rN:        It protects you from negative energy.
   MP:        It affects your magic capacity (-9).
   rCorr:     It protects you from acid and corrosion.
 X - a ring of protection from cold
Wands
 r - a wand of paralysis (109)
 t - a wand of digging (9)
 y - a wand of mindburst (34)
 G - a wand of acid (20)
 L - a wand of flame (86)
 M - a wand of iceblast (29)
Scrolls
 c - 3 scrolls of immolation
 d - 9 scrolls of poison
 g - 6 scrolls of teleportation
 j - 6 scrolls of revelation
 s - 2 scrolls of brand weapon
 u - 6 scrolls of amnesia
 x - 10 scrolls of fog
 N - 6 scrolls of vulnerability
 T - 7 scrolls of fear
 U - a scroll of blinking
 V - 7 scrolls of summoning
Potions
 m - 2 potions of lignification
 n - 13 potions of brilliance
 o - 4 potions of cancellation
 v - 5 potions of magic
 w - 3 potions of resistance
 z - 8 potions of ambrosia
 A - 16 potions of curing
 E - 7 potions of enlightenment
 I - 5 potions of heal wounds
 O - 5 potions of haste
 P - 14 potions of mutation
 R - 3 potions of invisibility
Miscellaneous
 k - a box of beasts
 H - a phantom mirror
 J - a phial of floods
 W - a tin of tremorstones (2/2)
 Z - a lightning rod (4/4)


   Skills:
 O Level 27 Fighting
 O Level 27 Maces & Flails
 - Level 1.7 Throwing
 + Level 22.6 Armour
 - Level 19.0 Dodging
 - Level 6.7 Transmutations
 - Level 14.6 Invocations
 - Level 7.5 Evocations


You had 23 spell levels left.
You knew the following spells:

 Your Spells              Type           Power      Damage    Failure   Level
a - Wereblood             Tmut           22%        N/A       17%         2
b - Apportation           Tloc           0%         N/A       86%         1

Your spell library contained the following spells:

 Spells                   Type           Power      Damage    Failure   Level
 Beastly Appendage        Tmut           44%        N/A       11%         1
 Sting                    Tmut/Pois      44%        1d5       41%         1
 Kiss of Death            Conj/Necr      0%         2d5       86%         1
 Necrotise                Necr           0%         1d4       86%         1
 Summon Small Mammal      Summ           0%         N/A       86%         1
 Ignite Poison            Fire/Tmut/Pois 7%         N/A       91%         3
 Cigotuvi's Dreadful Rot  Necr/Pois/Air  0%         N/A       95%         2
 Lesser Beckoning         Tloc           0%         N/A       95%         2
 Poisonous Vapours        Pois/Air       0%         N/A       95%         2
 Sublimation of Blood     Necr           0%         N/A       95%         2
 Blade Hands              Tmut           11%        N/A       97%         5
 Call Canine Familiar     Summ           0%         N/A       99%         3
 Confusing Touch          Hex            0%         N/A       99%         3
 Dazzling Flash           Conj/Hex       0%         N/A       99%         3
 Gell's Gravitas          Tloc           0%         N/A       99%         3
 Mephitic Cloud           Conj/Pois/Air  0%         N/A       99%         3
 Ozocubu's Armour         Ice            0%         N/A       99%         3
 Summon Guardian Golem    Hex/Summ       0%         N/A       99%         3
 Teleport Other           Tloc           0%         N/A       99%         3
 Tukima's Dance           Hex            0%         N/A       99%         3
 Volatile Blastmotes      Fire/Tloc      0%         2d10      99%         3
 Ice Form                 Ice/Tmut       11%        N/A       99%         4
 Petrify                  Tmut/Erth      11%        N/A       99%         4
 Animate Armour           Summ/Erth      0%         N/A       100%        4
 Animate Dead             Necr           0%         N/A       100%        4
 Dispel Undead            Necr           0%         3d6       100%        4
 Iskenderun's Mystic Bla  Conj/Tloc      0%         2d3       100%        4
 Leda's Liquefaction      Hex/Erth       0%         N/A       100%        4
 Olgreb's Toxic Radiance  Pois           0%         N/A       100%        4
 Passage of Golubria      Tloc           0%         N/A       100%        4
 Sticky Flame             Conj/Fire      0%         2d3       100%        4
 Summon Lightning Spire   Summ/Air       0%         N/A       100%        4
 Agony                    Necr           0%         N/A       100%        5
 Alistair's Intoxication  Tmut/Pois      7%         N/A       100%        5
 Fireball                 Conj/Fire      0%         3d3       100%        5
 Freezing Cloud           Conj/Ice/Air   0%         6-21      100%        5
 Irradiate                Conj/Tmut      5%         3d13      100%        5
 Iskenderun's Battlesphe  Conj           0%         2d6       100%        5
 Metabolic Englaciation   Hex/Ice        0%         N/A       100%        5
 Yara's Violent Unravell  Hex/Tmut       8%         3d5       100%        5
 Conjure Ball Lightning   Conj/Air       0%         3x3d6     100%        6
 Death Channel            Necr           0%         N/A       100%        6
 Leda's Unmaking          Conj/Erth      0%         9d1       100%        6
 Simulacrum               Ice/Necr       0%         N/A       100%        6
 Starburst                Conj/Fire      0%         6d3       100%        6
 Dragon Form              Tmut           11%        N/A       100%        7
 Haunt                    Necr/Summ      0%         N/A       100%        7
 Orb of Destruction       Conj           0%         9d5       100%        7
 Ozocubu's Refrigeration  Ice            0%         4d7       100%        7
 Spellforged Servitor     Conj/Summ      0%         N/A       100%        7
 Storm Form               Tmut/Air       5%         N/A       100%        7
 Summon Hydra             Summ           0%         N/A       100%        7
 Borgnjor's Revivificati  Necr           0%         N/A       100%        8
 Discord                  Hex            0%         N/A       100%        8
 Ignition                 Fire           0%         3d3       100%        8
 Infestation              Necr           0%         N/A       100%        8
 Maxwell's Capacitive Co  Air            0%         ∞         100%        8
 Necromutation            Tmut/Necr      5%         N/A       100%        8
 Death's Door             Necr           0%         N/A       100%        9
 Polar Vortex             Ice            0%         N/A       100%        9


Dungeon Overview and Level Annotations

Branches:
Dungeon (15/15)            Temple (1/1) D:6            Lair (5/5) D:10
  Swamp (4/4) Lair:3       Spider (4/4) Lair:2        Slime (0/5) Lair:4
    Orc (2/2) D:10            Elf (3/3) Orc:2        Vaults (5/5) D:13
  Crypt (3/3) Vaults:3       Tomb (0/3) Crypt:3      Depths (4/4) D:15
    Zot (5/5) Depths:4     Bailey (visited)          WizLab (visited)
Gauntlet (visited)

Altars:
Ashenzari
Cheibriados
Dithmenos
Fedhas
Gozag
Hepliaklqana
Kikubaaqudgha
Makhleb
Nemelex Xobeh
Okawaru
Qazlal
Ru
Sif Muna
Trog
Uskayaw
Vehumet
Wu Jian
Xom
Yredelemnul
Jiyva

Shops:
D:9 (   D:11 ?   Orc:1 *(   Orc:2 **!(   Zot:5 *

Portals:
Hell: Depths:1 Depths:2 Depths:3 Depths:4
Abyss: Depths:3
Pandemonium: Depths:2 Depths:4
Ziggurat: Depths:3

Annotations:
D:2 1 runed translucent door, Crazy Yiuf
Depths:2 exclusion: orange crystal statue
Zot:1 exclusion: downstairs
Zot:2 exclusion: downstairs
Zot:3 exclusion: downstairs


Innate Abilities, Weirdness & Mutations

You have a pair of large horns on your head.
You are completely covered in large bone plates. (SH +8)
Your demonic aura causes all spilled blood to erupt in flames.
You are completely covered in sharp spines.
Your melee attacks may debilitate your foes.
Your hexes are more powerful.
You are surrounded by an aura of silence.
Your mind is acute. (Int +4, Str/Dex -1)
You are clumsy. (Dex -2)
Your muscles are strong. (Str +4, Int/Dex -1)


Message History

The Orb Guardian hits you!!
You bludgeon the Orb Guardian!!
The Orb Guardian is drained!
You headbutt the Orb Guardian!
The Orb Guardian is severely wounded.
Your +8 spectral great mace closely misses the Orb Guardian.
The Orb Guardian hits you but does no damage.
You sock the Orb Guardian!
The Orb Guardian looks weaker.
The Orb Guardian is almost dead.
Your +8 spectral great mace barely misses the Orb Guardian.
Your +8 spectral great mace is engulfed in blazing flames.
The Orb Guardian misses you.
Your +8 spectral great mace is engulfed in blazing flames.
You thump the Orb Guardian!
You kill the Orb Guardian!
Makhleb accepts your kill.
You feel better.
Your +8 spectral great mace disappears.
There is a stone staircase leading up here.
You climb upwards.
There is a stone staircase leading down here.
You see here a +0 robe.
A rust devil comes into view.
The rust devil screeches!
There is a stone staircase leading up here.
You climb upwards.
There is a stone staircase leading down here.
There is a stone staircase leading up here.
You climb upwards.
Level annotation: 1 runed translucent door, Crazy Yiuf
There is a stone staircase leading down here.
You see here a +0 ring mail.
You see here a +0 whip.
You see here a +0 chain mail.
There is a stone staircase leading up here.
You climb upwards.
There is a stone staircase leading down here.
You enter the shallow water.
Moving in this stuff is going to be slow.
There is a staircase leading out of the dungeon here.
You have escaped!

#......##..................##.#
.........#######.#######...##.#
##.........####...####.....##.#
########.....#..~..#.....#.##.#
########8..~....~....~..8#)##.#
......###...~..~~~..~...##>####
......##.....~~~~~~~.....#.#
......#....~~~~...~~~~.....#
......#..~~~~~..@..~~~~~...#
......#....~~~~...~~~~.....#
......##.....~~~~~~~.....#.#
.......##...~..~~~..~...##.#
.......#8..~....~....~..8#.#
######.#.....#..~..#.....#.# .#
#.....####...####.....#
.#####...#######.#######...#
.....#.####................#


There were no monsters in sight!

Vanquished Creatures
  8 orbs of fire
  Tiamat (Zot:3)
  8 dread liches
  4 ancient liches
  A juggernaut (Zot:4)
  Parghit (Zot:1)
  4 Killer Klowns
  Saint Roka (Vaults:5)
  the Lernaean hydra (Swamp:4)
  7 curse toes
  11 golden dragons
  A bone dragon (Crypt:3)
  Arachne (Spider:3)
  3 electric golems
  A Hell Sentinel (D:9)
  Mlioglotl (Swamp:3)
  A walking crystal tome (Depths:3)
  Jorgrun (Swamp:1)
  22 tentacled monstrosities
  5 liches
  28 Orb Guardians
  3 titans (Vaults:5)
  A walking frostbound tome (Depths:3)
  2 deep elf master archers (Elf:3)
  11 death cobs
  5 quicksilver dragons
  5 sphinxes
  5 ancient champions (Crypt:3)
  The ghost of Faiqoid the Bludgeoner, an adept AtFi of Gozag (Swamp:3)
  9 tengu reavers
  The ghost of porpoise the Spry, an adept MfEn of Dithmenos (Spider:3)
  12 shadow dragons
  The ghost of Naehuetz the Warrior, an adept DEBr of Wu Jian (Elf:1)
  3 thorn hunters
  A revenant (Crypt:2)
  7 draconian monks
  6 storm dragons
  2 nagarajas (WizLab)
  4 emperor scorpions
  8 draconian knights
  A ghost moth (shapeshifter) (Depths:3)
  11 fire giants
  10 deep elf sorcerers
  8 draconian scorchers
  6 frost giants
  16 vault wardens
  5 ghost moths
  4 iron dragons
  Louise (Spider:3)
  A curse skull (Zot:2)
  A spectral juggernaut (Depths:3)
  2 cacodemons
  6 draconian shifters
  7 draconian annihilators
  2 spectral caustic shrikes (Depths:2)
  3 spriggan defenders
  A formless jellyfish (Vaults:1)
  43 very ugly things
  4 deep elf elementalists
  7 draconian stormcallers
  21 ironbound preservers
  6 war gargoyles
  The ghost of Ytheofip the Cleaver, a journeyman FoFi of Okawaru (D:14)
  2 orc warlords
  13 vampire knights
  4 demonspawn corrupters (WizLab)
  3 broodmothers
  16 stone giants
  6 ironbound thunderhulks
  7 deep elf demonologists
  A lorocyproca (D:7)
  Nessos (Lair:3)
  12 deep elf annihilators
  A bunyip (Swamp:2)
  7 green draconians
  10 red draconians
  3 eleionomae
  A minotaur (Gauntlet)
  8 black draconians
  3 starcursed masses (Abyss:3)
  2 demonspawn black suns (D:7)
  2 spectral titans (Depths:2)
  11 yellow draconians
  Snorg (D:12)
  12 purple draconians
  6 white draconians
  6 dire elephants
  14 spark wasps
  7 eidola
  10 fire dragons
  9 ettins
  A crystal guardian (Vaults:2)
  13 deep elf death magi
  2 spectral quicksilver dragons (Depths:2)
  2 merfolk javelineers
  4 spectral golden dragons (Depths:2)
  A merfolk impaler (Abyss:3)
  3 entropy weavers
  9 jiangshi
  Josephine (Swamp:1)
  8 great orbs of eyes
  19 yaktaur captains
  11 deep elf high priests
  3 rakshasas
  28 vault guards
  13 ice dragons
  Erolcha (D:12)
  5 spriggan air magi (Depths:3)
  2 spectral shadow dragons (Depths:2)
  A caustic shrike simulacrum (Depths:2)
  4 peacekeepers
  20 hydras
  2 spriggan skeletons (Crypt:2)
  3 jorogumos
  4 ironbound frosthearts
  A fenstrider witch zombie (Crypt:1)
  5 two-headed ogres
  Fannar (D:12)
  4 spectral sphinxes (Depths:2)
  2 ogre magi (Vaults:5)
  2 radroaches
  2 spectral tengu (Depths:2)
  An anaconda (WizLab)
  23 centaur warriors
  2 death knights (Crypt:1)
  An alligator snapping turtle (Abyss:3)
  Erica (D:8)
  4 alligators
  2 spectral frost giants (Depths:2)
  8 boulder beetles
  6 tengu warriors
  10 deep troll shamans
  20 demonic crawlers
  5 ghost crabs
  31 dancing weapons
  3 spectral fire giants (Depths:2)
  9 vampire magi
  A spriggan berserker (Depths:3)
  5 deep troll earth magi
  3 hell hogs (Abyss:3)
  6 orc high priests
  A sun demon (Zot:4)
  3 soul eaters
  8 hell knights (Depths:3)
  23 deep elf knights
  4 skysharks
  2 shadow wraiths (Crypt:2)
  24 skeletal warriors
  4 iron trolls
  8 pharaoh ants
  64 deep trolls
  3 sun moths
  An anaconda zombie (Crypt:1)
  Lodul (D:13)
  A bunyip zombie (Crypt:1)
  3 goliath frogs
  A shadow demon (Vaults:4)
  A quicksilver dragon simulacrum (Depths:2)
  7 glowing orange brains
  5 flayed ghosts
  2 death drakes (Depths:2)
  8 orb spiders
  An obsidian statue (Zot:2)
  An orange crystal statue (Depths:2)
  7 spriggan druids
  Pikel (D:7)
  2 bunyip skeletons
  16 deep elf archers
  15 bog bodies
  13 phantasmal warriors
  12 ironbound convokers
  15 wizards
  7 necromancers
  7 steelbarb worms
  A lindwurm (shapeshifter) (Vaults:5)
  5 harpies
  29 deep elf zephyrmancers
  9 lindwurms
  14 orc knights
  9 swamp dragons
  35 deep elf pyromancers
  15 wolf spiders
  An anaconda skeleton (Crypt:1)
  43 ugly things
  5 manticores
  7 cyclopes
  An iron dragon zombie (Crypt:1)
  A faun (shapeshifter) (D:13)
  2 orc sorcerers
  A spectral ettin (Depths:2)
  3 will-o-the-wisps
  5 oklob plants (Zot:2)
  3 spectral spriggans (Depths:2)
  15 elephants
  30 moths of wrath
  A shadow dragon skeleton (Crypt:1)
  6 worldbinders (WizLab)
  6 black mambas
  A titan simulacrum (Depths:2)
  2 dire elephant zombies
  2 smoke demons
  10 torpor snails
  19 vault sentinels
  13 cane toads
  A storm dragon simulacrum (Depths:2)
  A rime drake (shapeshifter) (Elf:1)
  A naga skeleton (Crypt:1)
  2 rime drakes
  8 komodo dragons
  A yaktaur (shapeshifter) (Vaults:5)
  An efreet (Abyss:3)
  2 swamp worm zombies
  3 freezing wraiths
  32 yaktaurs
  A spectral human (Depths:2)
  A grey draconian skeleton (Crypt:3)
  2 trolls
  A harpy zombie (Crypt:1)
  5 guardian mummies (Crypt:3)
  5 tyrant leeches
  A spectral skyshark (Lair:3)
  3 tengu simulacra (Depths:2)
  A sea snake skeleton (Crypt:1)
  9 meliai
  A queen bee (Gauntlet)
  9 polar bears
  A wolf spider simulacrum (Gauntlet)
  23 hornets
  2 hellwings (D:6)
  32 tarantellas
  A tarantella (shapeshifter) (Elf:1)
  2 shadow dragon simulacra (Depths:2)
  2 sphinx simulacra (Depths:2)
  2 raiju (Abyss:3)
  2 iron dragon simulacra (Depths:2)
  22 blink frogs
  A harpy skeleton (Crypt:1)
  A hydra skeleton (Crypt:3)
  21 dream sheep
  Sigmund (D:5)
  50 slime creatures
  A jumping spider (shapeshifter) (Elf:1)
  26 jumping spiders
  A spriggan (shapeshifter) (D:14)
  3 shadows
  5 air elementals
  A centaur simulacrum (D:14)
  A guardian serpent skeleton (Crypt:2)
  A ynoxinul (Abyss:3)
  2 dire elephant simulacra (Crypt:1)
  A merfolk skeleton (Crypt:1)
  8 water elementals
  26 culicivoras
  13 flying skulls
  10 wraiths
  28 spriggans
  3 fire elementals
  41 yaks
  A black mamba zombie (Crypt:2)
  7 golden eyes
  11 humans (D:13)
  A spectral komodo dragon (Lair:3)
  6 wyverns
  A naga simulacrum (Crypt:1)
  3 large abominations (D:8)
  A chaos spawn (Zot:1)
  20 vampire mosquitoes
  60 redbacks
  A steam dragon (D:8)
  A naga (shapeshifter) (Elf:1)
  A spectral cane toad (Lair:3)
  5 wargs
  16 swamp worms
  A demonspawn zombie (Crypt:1)
  3 harpy simulacra
  4 acid dragons
  Duvessa (D:6)
  A floating eye (Depths:2)
  A meliai simulacrum (Gauntlet)
  17 water moccasins
  A sky beast (D:6)
  5 ice beasts
  10 swamp drakes
  48 orc warriors
  A black bear (shapeshifter) (D:13)
  A sky beast (shapeshifter) (Vaults:5)
  7 black bears
  A merfolk simulacrum (Crypt:1)
  15 ogres
  10 boggarts
  43 wolves
  The ghost of bobo the Magician, an amateur GnHW (D:3)
  A snapping turtle skeleton (Crypt:2)
  13 centaurs
  A lemure (D:7)
  The ghost of Leavold the Digger, an amateur OpEE of Okawaru (D:3)
  8 kobold brigands
  19 bullfrogs
  5 earth elementals
  4 glowing shapeshifter simulacra (Depths:2)
  A gnoll sergeant (D:7)
  5 scorpions
  A yaktaur skeleton (Crypt:1)
  A cyclops skeleton (Crypt:1)
  9 wights
  Dowan (D:6)
  A queen bee zombie (Crypt:3)
  2 troll zombies (Swamp:1)
  11 killer bees
  2 troll skeletons (Swamp:1)
  A yak skeleton (Crypt:2)
  7 howler monkeys
  An electric eel (Lair:5)
  2 centaur zombies
  9 jellies
  A bullfrog skeleton (Crypt:1)
  39 orc priests
  A centaur skeleton (Crypt:1)
  3 gnoll boudas (D:7)
  A hound (D:5)
  A jelly (shapeshifter) (Elf:1)
  A black bear skeleton (Crypt:2)
  3 iguanas
  4 sleepcaps
  21 orc wizards
  A scorpion zombie (D:4)
  A lightning spire (Zot:2)
  5 hell rats (Lair:1)
  A boggart skeleton (Crypt:3)
  An ice beast zombie (Crypt:2)
  2 hound zombies (D:4)
  7 mummies (Crypt:3)
  A gnoll (shapeshifter) (Elf:1)
  2 howler monkey skeletons
  12 gnolls
  A swamp drake zombie (Crypt:3)
  9 adders
  A river rat (shapeshifter) (Elf:1)
  2 white imps
  An ufetubus (D:7)
  An adder zombie (D:4)
  2 adder skeletons (D:4)
  A worm (shapeshifter) (Elf:1)
  A dart slug (D:5)
  117 orcs
  An orc (shapeshifter) (Elf:1)
  A ball python (shapeshifter) (Elf:1)
  4 endoplasms
  3 giant cockroaches
  11 goblins
  17 hobgoblins
  4 jackals
  2 quokkas
  5 ball pythons
  2 bats (D:2)
  5 frilled lizards
  A frilled lizard (shapeshifter) (Elf:1)
  A jackal zombie (Crypt:3)
  18 kobolds
  An orc skeleton (Crypt:3)
  An orc zombie (Crypt:2)
  5 rats
  2 spectral weapons
2591 creatures vanquished.

Vanquished Creatures (collateral kills)
  A ghost moth (Spider:4)
  A hydra (Swamp:3)
  A deep elf knight (Elf:2)
  A wolf spider (Spider:4)
  A will-o-the-wisp (Swamp:3)
  A culicivora (Spider:4)
  A swamp worm (Swamp:3)
  An orc priest (Orc:2)
  An orc wizard (Orc:2)
  2 orcs (Orc:2)
11 creatures vanquished.

Vanquished Creatures (others)
  A yaktaur captain (Vaults:1)
  A goliath frog (Swamp:2)
  A deep elf zephyrmancer (Elf:3)
  2 yaktaurs
  3 bloated husks
  2 wraiths (Swamp:1)
  A swamp worm (Swamp:1)
  A swamp drake (Swamp:1)
  A sky beast (D:7)
  An orc warrior (D:15)
  2 orcs
  12 foxfires
  29 spectral weapons
57 creatures vanquished.

Grand Total: 2659 creatures vanquished

Notes
Turn   | Place    | Note
-------+----------+-------------------------------------------
     0 | D:1      | TittyCrusher the Demonspawn Gladiator began the quest for
                  | the Orb.
     0 | D:1      | Reached XP level 1. HP: 16/16 MP: 1/1
   273 | D:1      | Gained mutation: You are partially covered in sharp spines.
                  | [demonic ancestry]
   273 | D:1      | Reached XP level 2. HP: 22/22 MP: 2/2
   765 | D:2      | Found a faded altar of an unknown god.
   795 | D:2      | Noticed a scorpion
   811 | D:2      | Killed a scorpion
   812 | D:2      | Gained mutation: You are mostly covered in sharp spines.
                  | [demonic ancestry]
   812 | D:2      | Reached XP level 3. HP: 19/27 MP: 3/3
   812 | D:2      | Reached XP level 4. HP: 24/33 MP: 4/4
  1113 | D:2      | Reached skill level 5 in Maces & Flails
  1427 | D:2      | Found a runed translucent door.
  1428 | D:2      | Noticed Crazy Yiuf
  1633 | D:3      | Reached XP level 5. HP: 17/38 MP: 5/5
  2303 | D:3      | Found a runed translucent gate.
  2304 | D:3      | Found a runed translucent gate.
  2305 | D:3      | Found a runed translucent gate.
  2306 | D:3      | Noticed Leavold's ghost (amateur OpEE)
  2306 | D:3      | Noticed bobo's ghost (amateur GnHW)
  2960 | D:4      | Gained mutation: You have a pair of small horns on your
                  | head. [demonic ancestry]
  2960 | D:4      | Reached XP level 6. HP: 44/44 MP: 6/6
  3546 | D:4      | Gained mutation: You have a pair of horns on your head.
                  | [demonic ancestry]
  3546 | D:4      | Reached XP level 7. HP: 41/50 MP: 7/7
  3613 | D:4      | Found a sacrificial altar of Ru.
  3644 | D:4      | Found a shimmering blue altar of Sif Muna.
  3801 | D:5      | Entered Level 5 of the Dungeon
  3832 | D:5      | Noticed Sigmund
  3838 | D:5      | Killed Sigmund
  4010 | D:5      | Gained mutation: You are partially covered in large bone
                  | plates. (SH +4) [demonic ancestry]
  4010 | D:5      | Reached XP level 8. HP: 45/56 MP: 8/8
  4428 | D:5      | Found a burning altar of Makhleb.
  4778 | D:5      | Gained mutation: Your body sometimes deteriorates upon
                  | taking damage. [potion of mutation]
  4778 | D:5      | Gained mutation: You occasionally shout uncontrollably at
                  | your foes. [potion of mutation]
  4942 | D:6      | Reached skill level 10 in Maces & Flails
  5267 | D:6      | Found a runed translucent door.
  5553 | D:6      | Noticed Dowan
  5570 | D:6      | Killed Dowan
  5623 | D:6      | Noticed Duvessa
  5648 | D:6      | Killed Duvessa
  5906 | D:6      | Gained mutation: You are completely covered in sharp
                  | spines. [demonic ancestry]
  5906 | D:6      | Reached XP level 9. HP: 61/61 MP: 9/9
  5963 | D:6      | Found a staircase to the Ecumenical Temple.
  5968 | Temple   | Entered the Ecumenical Temple
  7370 | D:7      | Noticed Pikel
  7393 | D:7      | Killed Pikel
  7490 | D:5      | Became a worshipper of Makhleb the Destroyer
  8547 | D:7      | Reached XP level 10. HP: 67/67 MP: 10/10
  8547 | D:7      | Reached * piety under Makhleb
  8963 | D:8      | Found a flagged portal.
  8975 | Bailey   | Entered a bailey
  9486 | Bailey   | Found a bloodstained altar of Trog.
  9555 | D:8      | Found a hazy altar of Hepliaklqana.
  9555 | D:8      | Noticed a two-headed ogre
  9849 | D:8      | Noticed Erica
 10036 | D:9      | Reached skill level 1 in Armour
 10072 | D:9      | Found a radiant altar of Vehumet.
 10119 | D:9      | Found Ruuxetuf's Antique Weapon Shoppe.
 10124 | D:9      | Bought a glowing great mace for 285 gold pieces
 10151 | D:9      | Found a sparkling altar of Nemelex Xobeh.
 10202 | D:9      | Reached ** piety under Makhleb
 10388 | D:9      | Found a snail-covered altar of Cheibriados.
 10765 | D:9      | Reached skill level 15 in Maces & Flails
 11196 | D:8      | Killed Erica
 11398 | D:8      | Killed a two-headed ogre
 11399 | D:8      | Gained mutation: Your demonic aura sometimes causes spilled
                  | blood to erupt in flames. [demonic ancestry]
 11399 | D:8      | Reached XP level 11. HP: 72/72 MP: 11/11
 11756 | D:10     | Entered Level 10 of the Dungeon
 12011 | D:10     | Noticed an angel
 12031 | D:10     | Found a staircase to the Lair.
 12414 | D:10     | Reached *** piety under Makhleb
 12488 | D:10     | Found a staircase to the Orcish Mines.
 13040 | D:10     | Lost mutation: Your body sometimes deteriorates upon taking
                  | damage. [potion of mutation]
 13040 | D:10     | Lost mutation: You occasionally shout uncontrollably at
                  | your foes. [potion of mutation]
 13040 | D:10     | Gained mutation: You have large cloven feet. [potion of
                  | mutation]
 13040 | D:10     | Gained mutation: You are somewhat resistant to further
                  | mutation. [potion of mutation]
 13041 | D:10     | Upgraded the game from 0.31-a0-229-g1fc7ce93e2 to
                  | 0.31-a0-232-gb1c03b2570
 13109 | Lair:1   | Entered Level 1 of the Lair of Beasts
 13246 | Lair:1   | Reached skill level 5 in Dodging
 13336 | Lair:1   | Reached **** piety under Makhleb
 13483 | Lair:1   | Gained mutation: You have a pair of large horns on your
                  | head. [demonic ancestry]
 13483 | Lair:1   | Reached XP level 12. HP: 78/78 MP: 12/12
 14608 | Lair:2   | Reached skill level 5 in Armour
 14674 | Lair:2   | Noticed a seven-headed hydra
 14684 | Lair:2   | Killed a seven-headed hydra
 14728 | Lair:2   | Identified the +1 robe of Quvuw {-Tele rElec Str+4}
 15005 | Lair:2   | Found a hole to the Spider Nest.
 15377 | Lair:3   | Reached skill level 5 in Fighting
 15822 | Lair:3   | Reached ***** piety under Makhleb
 15841 | Lair:3   | Noticed Nessos
 15845 | Lair:3   | Killed Nessos
 15846 | Lair:3   | Reached XP level 13. HP: 80/98 MP: 13/13
 15995 | Lair:3   | Identified the +0 plate armour of Panentheism {+Blink
                  | Stlth+}
 16428 | Lair:3   | Reached skill level 1 in Invocations
 16431 | Lair:3   | Found a staircase to the Swamp.
 16813 | Lair:4   | Reached skill level 5 in Invocations
 16943 | Lair:4   | Identified a scroll of acquirement
 16944 | Lair:4   | Acquired a manual of Maces & Flails
 17173 | Lair:4   | Found a staircase to the Slime Pits.
 17173 | Lair:4   | Found a viscous altar of Jiyva.
 17225 | Lair:4   | Reached skill level 10 in Invocations
 17849 | Lair:5   | Entered Level 5 of the Lair of Beasts
 18264 | Lair:5   | Reached ****** piety under Makhleb
 18348 | Lair:5   | Reached XP level 14. HP: 95/106 MP: 24/24
 18368 | Lair:5   | Identified the staff of Indomitability {rC+ Str-5 Int+5
                  | Ice}
 18479 | Lair:5   | Paralysed by a hornet for 1 turns
 20495 | D:11     | Found Woum's Magic Scroll Emporium.
 20503 | D:11     | Bought a scroll of brand weapon for 133 gold pieces
 20504 | D:11     | Bought a scroll of identify for 28 gold pieces
 20504 | D:11     | Bought a scroll of fog for 56 gold pieces
 20504 | D:11     | Bought a scroll of fear for 56 gold pieces
 20504 | D:11     | Bought a scroll of summoning for 133 gold pieces
 20937 | D:12     | Noticed Snorg
 21214 | D:12     | Noticed Fannar
 21222 | D:12     | Killed Fannar
 21299 | D:12     | Killed Snorg
 21452 | D:12     | Found a portal to a secret trove of treasure.
 21760 | D:12     | Noticed Erolcha
 21771 | D:12     | Killed Erolcha
 21933 | Orc:1    | Entered Level 1 of the Orcish Mines
 21937 | Orc:1    | Found Zojiexeu's Weapon Shoppe.
 22021 | Orc:2    | Entered Level 2 of the Orcish Mines
 22045 | Orc:2    | Found a gate leading to a gauntlet.
 22073 | Gauntlet | Entered a Gauntlet
 22073 | Gauntlet | Found a transporter.
 22073 | Gauntlet | Found a transporter.
 22074 | Gauntlet | Found a transporter.
 22075 | Gauntlet | Found a transporter.
 22075 | Gauntlet | Found a transporter.
 22078 | Gauntlet | Found a transporter.
 22087 | Gauntlet | Found a transporter.
 22089 | Gauntlet | Found a transporter.
 22089 | Gauntlet | Found a transporter.
 22089 | Gauntlet | Found a transporter.
 22098 | Gauntlet | Found a transporter.
 22105 | Gauntlet | Found a transporter.
 22295 | Gauntlet | Identified the +3 orcbow of Bodily Humours {speed, Drain
                  | rPois rF+ rN++}
 22356 | Gauntlet | Identified the ring "Nupaqat" {MP+9 EV+5 Str+2}
 22406 | Gauntlet | Identified the +6 short sword "Loopy" {venom, rElec Will+
                  | Dex+2 SInv}
 22934 | Orc:2    | Found a staircase to the Elven Halls.
 23224 | Orc:2    | Gained mutation: Your hexes are more powerful. [demonic
                  | ancestry]
 23224 | Orc:2    | Reached XP level 15. HP: 115/115 MP: 25/25
 23584 | Orc:1    | Found Efoithrokh's Overcharged Wands.
 23759 | Orc:2    | Reached skill level 10 in Fighting
 24405 | Orc:2    | Found Urem's General Store.
 24405 | Orc:2    | Found Xataw's Antique Weapon Shoppe.
 24406 | Orc:2    | Found Qijacsuwn's Assorted Antiques.
 24406 | Orc:2    | Found Juik's Distillery.
 24725 | D:13     | Noticed Lodul
 24739 | D:13     | Killed Lodul
 25967 | D:13     | Found a gate to the Vaults.
 26474 | D:14     | Found a transporter.
 26475 | D:14     | Noticed Ytheofip's ghost (journeyman FoFi)
 26476 | D:14     | Found a transporter.
 27184 | D:15     | Entered Level 15 of the Dungeon
 27483 | D:15     | Found a staircase to the Depths.
 28112 | D:15     | Upgraded the game from 0.31-a0-232-gb1c03b2570 to
                  | 0.31-a0-233-g139696dc86
 28281 | Spider:1 | Entered Level 1 of the Spider Nest
 28308 | Spider:1 | Gained mutation: You are mostly covered in large bone
                  | plates. (SH +6) [demonic ancestry]
 28308 | Spider:1 | Reached XP level 16. HP: 129/134 MP: 26/26
 29008 | Spider:1 | Reached skill level 1 in Evocations
 29632 | Spider:2 | Reached skill level 5 in Evocations
 30569 | D:9      | Bought the +8 demon trident "Rift" {distort, reach+} for
                  | 2535 gold pieces
 30569 | D:9      | Found the +8 demon trident "Rift" {distort, reach+}
 30703 | D:12     | You paid a toll of the demon trident "Rift" to enter a
                  | treasure trove
 30704 | Trove    | Entered a treasure trove
 30723 | Trove    | Identified the +2 flail "Newt's Nightmare" {pain, rPois rC-
                  | Will+ rCorr Int+2}
 30750 | Trove    | Identified the +1 dire flail of Bloodstone {drain, Fly rF+
                  | Int+3 Dex-4}
 30755 | Trove    | Identified the +8 eveningstar "Gukyepsevuu" {heavy, Int+4}
 31378 | Spider:3 | Noticed Arachne
 31384 | Spider:3 | Killed Arachne
 31483 | Spider:3 | Noticed Louise
 31514 | Spider:3 | Reached XP level 17. HP: 82/140 MP: 27/27
 31549 | Spider:3 | Killed Louise
 31604 | Spider:3 | Found a runed translucent door.
 31604 | Spider:3 | Noticed porpoise's ghost (adept MfEn)
 31618 | Spider:3 | Killed porpoise's ghost
 31965 | Spider:4 | Entered Level 4 of the Spider Nest
 33128 | Orc:2    | Bought a potion of curing for 39 gold pieces
 33128 | Orc:2    | Bought a potion of curing for 39 gold pieces
 33128 | Orc:2    | Bought a potion of curing for 39 gold pieces
 33501 | Spider:4 | Reached skill level 10 in Armour
 33870 | Spider:4 | Got a gossamer rune of Zot
 34384 | D:3      | Killed Leavold's ghost
 34389 | D:3      | Killed bobo's ghost
 34405 | D:3      | Acquired 1146 gold pieces
 34705 | Orc:2    | Bought an encrusted great mace for 391 gold pieces
 34705 | Orc:2    | Identified the +6 great mace "Kierchoa" {holy, Dex+3} (You
                  | bought it in a shop on level 2 of the Orcish Mines)
 34709 | Orc:2    | Bought a potion of haste for 130 gold pieces
 34709 | Orc:2    | Bought a potion of mutation for 104 gold pieces
 34709 | Orc:2    | Bought a potion of haste for 130 gold pieces
 34709 | Orc:2    | Bought a potion of might for 52 gold pieces
 34711 | Orc:2    | Bought an ancient ring mail for 189 gold pieces
 34711 | Orc:2    | Identified the +1 ring mail of Miracles {Harm} (You bought
                  | it in a shop on level 2 of the Orcish Mines)
 34711 | Orc:2    | Bought a scroll of immolation for 84 gold pieces
 34711 | Orc:2    | Bought a scroll of teleportation for 63 gold pieces
 34711 | Orc:2    | Bought a scroll of teleportation for 63 gold pieces
 34712 | Orc:2    | Bought a scroll of teleportation for 42 gold pieces
 34898 | Swamp:1  | Entered Level 1 of the Swamp
 34905 | Swamp:1  | Noticed Jorgrun
 34921 | Swamp:1  | Killed Jorgrun
 35136 | Swamp:1  | Noticed Josephine
 35141 | Swamp:1  | Killed Josephine
 35700 | Swamp:2  | Noticed a tentacled monstrosity
 35709 | Swamp:2  | Killed a tentacled monstrosity
 36240 | Swamp:3  | Gained mutation: You are completely covered in large bone
                  | plates. (SH +8) [demonic ancestry]
 36240 | Swamp:3  | Reached XP level 18. HP: 148/148 MP: 28/28
 36260 | Swamp:3  | Reached skill level 10 in Dodging
 36341 | Swamp:3  | Found a runed translucent gate.
 36342 | Swamp:3  | Found a runed translucent gate.
 36342 | Swamp:3  | Found a runed translucent gate.
 36350 | Swamp:3  | Noticed Faiqoid's ghost (adept AtFi)
 36418 | Swamp:3  | Noticed Mlioglotl
 36660 | Swamp:3  | Killed Mlioglotl
 36892 | Swamp:4  | Entered Level 4 of the Swamp
 37260 | Swamp:4  | Noticed the 27-headed Lernaean hydra
 37283 | Swamp:4  | Killed the 27-headed Lernaean hydra
 37351 | Swamp:4  | Got a decaying rune of Zot
 37752 | Elf:1    | Entered Level 1 of the Elven Halls
 38060 | Elf:1    | Identified the amulet of Jivuam {rN+ Regen+ Int+3}
 38060 | Abyss:2  | Cast into level 2 of the Abyss (a deep elf demonologist)
 38087 | Abyss:3  | Found a corrupted altar of Lugonu.
 38235 | Elf:1    | Escaped the Abyss
 38690 | Elf:1    | Paralysed by an air elemental for 1 turns
 38848 | Elf:1    | Found a runed translucent gate.
 38849 | Elf:1    | Found a runed translucent gate.
 38853 | Elf:1    | Found a runed translucent gate.
 38855 | Elf:1    | Noticed a tentacled monstrosity
 38855 | Elf:1    | Noticed a tentacled monstrosity
 38856 | Elf:1    | Noticed a tentacled monstrosity
 38903 | Elf:1    | Noticed a Brimstone Fiend
 38907 | Elf:1    | Gained mutation: Your body sometimes deteriorates upon
                  | taking damage. [a neqoxec]
 38911 | Elf:1    | Gained mutation: Your demonic aura often causes spilled
                  | blood to erupt in flames. [demonic ancestry]
 38911 | Elf:1    | Reached XP level 19. HP: 107/154 MP: 29/29
 38915 | Elf:1    | Lost mutation: You have large cloven feet. [potion of
                  | mutation]
 38915 | Elf:1    | Lost mutation: Your body sometimes deteriorates upon taking
                  | damage. [potion of mutation]
 38915 | Elf:1    | Lost mutation: You are somewhat resistant to further
                  | mutation. [potion of mutation]
 38915 | Elf:1    | Gained mutation: Your muscles are strong. (Str +4, Int/Dex
                  | -1) [potion of mutation]
 38915 | Elf:1    | Gained mutation: You are robust. (+10% HP) [potion of
                  | mutation]
 39017 | Elf:1    | Found a runed translucent gate.
 39017 | Elf:1    | Found a runed translucent gate.
 39017 | Elf:1    | Found a runed translucent gate.
 39017 | Elf:1    | Found a runed translucent gate.
 39017 | Elf:1    | Found a runed translucent gate.
 39018 | Elf:1    | Found a runed translucent gate.
 39259 | Elf:1    | Reached skill level 15 in Dodging
 39443 | Elf:2    | Found a magical portal.
 39467 | Elf:2    | Paralysed by an air elemental for 1 turns
 39578 | Elf:2    | Paralysed by an air elemental for 1 turns
 39693 | WizLab   | Entered Alistair's Party Mansion
 39743 | Abyss:3  | Cast into level 3 of the Abyss (a wizard)
 39746 | Abyss:3  | Found a corrupted altar of Lugonu.
 39764 | WizLab   | Escaped the Abyss
 39801 | WizLab   | Gained mutation: Your mind is acute. (Int +4, Str/Dex -1)
                  | [a cacodemon]
 39854 | WizLab   | Got the Information on Forms
 40169 | WizLab   | Got the Folio of Spectres and Bedrock
 40250 | WizLab   | Got the Codex of Fluctuating Vitiation
 40858 | Elf:2    | Found a runed translucent gate.
 40858 | Elf:2    | Found a runed translucent gate.
 40858 | Elf:2    | Found a runed translucent gate.
 41437 | Elf:3    | Entered Level 3 of the Elven Halls
 41943 | Elf:3    | Reached XP level 20. HP: 177/177 MP: 30/30
 42314 | Elf:3    | Identified the +5 great sword "Digenku" {antimagic, Str+3
                  | Int-2 Stlth+}
 42314 | Elf:3    | Identified the ring "Piydoch" {Fire +Blink Fly Str-3 Dex+3}
 42322 | Elf:3    | Identified the ring of Pattotot {rN+ rCorr MP-9 Str+3
                  | Dex+6}
 42333 | Elf:3    | Identified the +0 ring mail "Eryigih" {-Tele rElec rPois
                  | Stlth-}
 42384 | Elf:3    | Identified the +2 trident "Pywuit" {flame, Int+3 Dex+4
                  | Stlth+}
 42384 | Elf:3    | Identified the ring of the Fiend {rPois EV+5}
 42389 | Elf:3    | Identified the +2 lajatang "Xosiy" {heavy, *Rage rC+ Dex+2}
 42716 | Elf:3    | Got the Folio of Hurtful Corruption
 42740 | Elf:3    | Found the -2 hat of the Alchemist {rElec rPois rF+ rC+ rN+
                  | Will+ rMut rCorr}
 42751 | Elf:3    | Got Yloozaewn's Papyrus of Coarse Forms
 42756 | Elf:3    | Identified the staff of Uskayaw, Enchanting {Fly rC++ Str+3
                  | Int-5 Conj}
 42950 | Elf:3    | Upgraded the game from 0.31-a0-233-g139696dc86 to
                  | 0.31-a0-236-g9a0961fb85
 43234 | Vaults:1 | Entered Level 1 of the Vaults
 43739 | Vaults:1 | Reached skill level 15 in Fighting
 44107 | Vaults:1 | Paralysed by a formless jellyfish for 1 turns
 44492 | Vaults:1 | Identified the +3 hand axe of Patterns {freeze, *Slow Fly
                  | MP+9 SInv}
 44845 | Vaults:2 | Reached XP level 21. HP: 191/191 MP: 31/31
 44898 | Vaults:2 | Learned a level 2 spell: Wereblood
 44918 | Vaults:2 | Reached skill level 1 in Transmutations
 44933 | Vaults:2 | Found a flickering gateway to a bazaar.
 44962 | Bazaar   | Entered a bazaar
 44991 | Bazaar   | Found Wego's Weapon Shoppe.
 45007 | Bazaar   | Found Ikiblaf's Armour Shoppe.
 45023 | Bazaar   | Found Jotuamue's Antique Armour Shoppe.
 45047 | Bazaar   | Bought a smoking robe for 119 gold pieces
 45047 | Bazaar   | Identified the +2 robe of the Twenty Friars {+Blink rF-
                  | SInv Archmagi} (You bought it in a shop in a bazaar)
 45061 | Bazaar   | Bought a +1 pair of gloves of hurling for 198 gold pieces
 45417 | Vaults:2 | Reached skill level 5 in Transmutations
 46663 | Vaults:3 | Found a staircase to the Crypt.
 46663 | Vaults:3 | Found a basalt altar of Yredelemnul.
 46664 | Vaults:3 | Found an ancient bone altar of Kikubaaqudgha.
 48174 | Depths:1 | Entered Level 1 of the Depths
 48578 | Depths:1 | Reached XP level 22. HP: 209/209 MP: 32/32
 48893 | Depths:1 | Found a gateway to Hell.
 49389 | Depths:2 | Found a one-way gate leading to the halls of Pandemonium.
 50171 | Depths:2 | Noticed a dread lich
 50180 | Depths:2 | Killed a dread lich
 50600 | Depths:2 | Identified the +6 plate armour of Indemnity {Harm Str-5
                  | Int+2 Dex+4}
 50602 | Depths:2 | Gained mutation: Your demonic aura causes all spilled blood
                  | to erupt in flames. [demonic ancestry]
 50602 | Depths:2 | Reached XP level 23. HP: 134/225 MP: 23/33
 50603 | Depths:2 | Reached XP level 24. HP: 142/235 MP: 23/33
 50902 | Depths:3 | Found an ancient bone altar of Kikubaaqudgha.
 51192 | Depths:3 | Found a one-way gate to the infinite horrors of the Abyss.
 51246 | Depths:3 | Found a basalt altar of Yredelemnul.
 51304 | Depths:3 | Reached XP level 25. HP: 212/246 MP: 33/33
 51502 | Depths:3 | Found a one-way gateway to a ziggurat.
 52068 | Depths:3 | Found a snail-covered altar of Cheibriados.
 52240 | Depths:4 | Entered Level 4 of the Depths
 52982 | Depths:4 | Found a gate to the Realm of Zot.
 53629 | Vaults:5 | Entered Level 5 of the Vaults
 53655 | Vaults:5 | Noticed Saint Roka
 53666 | Vaults:5 | Killed Saint Roka
 53813 | Vaults:5 | Acquired the +0 pair of boots of Purpose {rF++ MP-9 Dex-3
                  | Stlth+}
 53828 | Vaults:5 | Acquired a manual of Armour
 53943 | Vaults:5 | Noticed a dread lich
 53962 | Vaults:5 | Killed a dread lich
 53973 | Vaults:5 | Reached skill level 27 in Fighting
 54026 | Vaults:5 | Gained mutation: Your melee attacks may debilitate your
                  | foes. [demonic ancestry]
 54026 | Vaults:5 | Reached XP level 26. HP: 266/266 MP: 24/33
 54048 | Vaults:5 | Identified the +2 orcbow "Zuoppodo" {freeze, rC+ Stlth+}
 54097 | Vaults:5 | Reached skill level 15 in Armour
 54318 | Vaults:5 | Noticed an ancient lich
 54328 | Vaults:5 | Killed an ancient lich
 54480 | Vaults:5 | Got a silver rune of Zot
 54575 | Vaults:5 | Identified the +11 mace of the Unseen Realm {vamp, +Blink
                  | Str+2 Stlth+}
 55041 | Vaults:5 | Identified the +1 ring mail of Wasted Space {rC+ Regen+
                  | Dex+3}
 55304 | Crypt:1  | Entered Level 1 of the Crypt
 56837 | Crypt:3  | Entered Level 3 of the Crypt
 57576 | Crypt:3  | Found a staircase to the Tomb.
 57776 | Crypt:3  | Noticed a dread lich
 57776 | Crypt:3  | Noticed a dread lich
 57777 | Crypt:3  | Noticed an ancient lich
 57777 | Crypt:3  | Noticed a dread lich
 57948 | Crypt:3  | Killed an ancient lich
 57955 | Crypt:3  | Killed a dread lich
 57973 | Crypt:3  | Killed a dread lich
 57983 | Crypt:3  | Killed a dread lich
 57987 | Crypt:3  | Identified the ring "Munaucu" {rF+ rN+ Will+ rCorr}
 57994 | Crypt:3  | Got the Catalogue of the Mortuary
 58004 | Crypt:3  | Identified the +3 short sword "Lumixkek" {pain, Contam
                  | rElec rF+}
 58216 | Vaults:5 | Upgraded the game from 0.31-a0-236-g9a0961fb85 to
                  | 0.31-a0-237-g2d982f9f85
 58513 | Zot:1    | Entered Level 1 of the Realm of Zot
 58589 | Zot:1    | Noticed an orb of fire
 58603 | Zot:1    | Killed an orb of fire
 58728 | Zot:1    | Gained mutation: You are surrounded by an aura of silence.
                  | [demonic ancestry]
 58728 | Zot:1    | Reached XP level 27. HP: 250/273 MP: 24/33
 58919 | Zot:1    | Noticed Parghit
 59423 | Orc:1    | Bought a wand of digging (11) for 693 gold pieces
 59582 | Elf:1    | Found a runed translucent gate.
 59582 | Elf:1    | Found a runed translucent gate.
 59585 | Elf:1    | Found a runed translucent gate.
 59585 | Elf:1    | Noticed Naehuetz's ghost (adept DEBr)
 59623 | Elf:1    | Killed Naehuetz's ghost
 59634 | Elf:1    | Learned a level 1 spell: Apportation
 59638 | Elf:1    | Identified the +1 robe of Birdsong {Regen+}
 59942 | D:14     | Killed Ytheofip's ghost
 61630 | Swamp:3  | Killed Faiqoid's ghost
 62396 | Depths:2 | Identified the staff of the Pharaoh's Fist {+Blink rN+
                  | Necro}
 62587 | Zot:1    | Killed Parghit
 64421 | Zot:2    | Identified the orb of the Hurtling Gods {mayhem, +Blink
                  | +Inv rF-}
 64752 | Zot:3    | Reached skill level 27 in Maces & Flails
 65326 | Zot:4    | Noticed a juggernaut
 65402 | Zot:4    | Killed a juggernaut
 65420 | Zot:4    | Found the +4 dragonskin cloak
 65420 | Zot:4    | Noticed Tiamat
 65451 | Zot:3    | Killed Tiamat
 65731 | Zot:4    | Noticed an ancient lich
 65741 | Zot:4    | Killed an ancient lich
 66205 | Zot:5    | Entered Level 5 of the Realm of Zot
 66277 | Zot:5    | Noticed an orb of fire
 66278 | Zot:5    | Noticed an orb of fire
 66282 | Zot:5    | Noticed an orb of fire
 66293 | Zot:4    | Gained mutation: You are clumsy. (Dex -2) [an orb of fire]
 66296 | Zot:4    | Killed an orb of fire
 66470 | Zot:5    | Noticed an orb of fire
 66479 | Zot:5    | Killed an orb of fire
 66579 | Zot:5    | Noticed a dread lich
 66595 | Zot:5    | Killed a dread lich
 66604 | Zot:5    | Noticed an orb of fire
 66604 | Zot:5    | Noticed an orb of fire
 66605 | Zot:5    | Noticed a dread lich
 66613 | Zot:5    | Killed an orb of fire
 66615 | Zot:5    | Killed a dread lich
 66620 | Zot:5    | Killed an orb of fire
 66626 | Zot:5    | Noticed an orb of fire
 66630 | Zot:5    | Killed an orb of fire
 66644 | Zot:5    | Found Ufunit's Last-Chance Deals.
 66654 | Zot:5    | Lost mutation: You are robust. (+10% HP) [an orb of fire]
 66662 | Zot:5    | Killed an orb of fire
 66719 | Zot:5    | Killed an orb of fire
 67025 | Zot:5    | Noticed an ancient lich
 67037 | Zot:5    | Killed an ancient lich
 67047 | Zot:5    | Noticed a dread lich
 67069 | Zot:5    | Killed a dread lich
 67244 | Zot:5    | Got the Orb of Zot
 67827 | D:4      | Noticed Kocyomose the pandemonium lord
 67897 | D:$      | Escaped with the Orb!

Illustrated notes

Levels and vault maps discovered:
D:1:      eino_arrival_water_star, layout_basic
D:2:      layout_loops_ring, dreamdust_ecumenical_altar_grove,
          uniq_crazy_yiuf_cottage
D:3:      layout_basic, gammafunk_ghost_cemetery, st_stairs_6,
          chequers_decorated_corner, minmay_ruptured
D:4:      layout_loops_ring, grunt_temple_overflow_open, serial_undead,
          serial_undead_e, serial_undead_c, serial_undead_e, serial_undead_a,
          nicolae_figureground_pulse
D:5:      layout_basic, general_overflow_altar, chequers_serial_rivers_large_b,
          uniq_sigmund
D:6:      layout_basic, temple_doors_ab, lightli_church_of_beogh, uniq_duvessa
D:7:      layout_loops_cross, st_stairs_1, chequers_serial_rivers_room_b,
          abandoned_shop, the_hattery, uniq_pikel
D:8:      layout_loops_ring, jmf_multi_god_temple, enter_bailey_5, uniq_erica
D:9:      layout_loops_corners, cheibriados_altar_1, vehumet_crystals,
          nemelex_xobeh_ov_fountains_minmay, serial_shops,
          nicolae_shop_tiny_statue_garden
D:10:     layout_irregular_city, mainiacjoe_overflow_alcove_1, zin_angel,
          hellmonk_lair_entry_icy, erik_orc_4, dreamdust_princess_bridge
D:11:     layout_loops_corners, serial_shops,
          nicolae_shop_competitors_out_of_business
D:12:     layout_irregular_city, trove_entry_hex_spiral, uniq_snorg,
          uniq_erolcha, uniq_fannar
D:13:     layout_layer_cave, ximxim_vaults_locker_room, uniq_lodul
D:14:     layout_basic, gammafunk_ghost_arena
D:15:     grunt_enter_depths_snipers, layout_loops_corners, serial_park_paths
          [serial_park_minivault_5x5_2]
Temple:   minmay_temple_forest_path
Lair:1:   layout_long_grid, grunt_megastairs_1
Lair:2:   layout_chaotic_city, spider_nest_entry_web_field, lemuel_fruit_fields,
          grunt_megastairs_3
Lair:3:   layout_loops_ring, nicolae_swamp_entry_spooky, beast_lair_carwin_6,
          grunt_megastairs_2, uniq_nessos
Lair:4:   layout_roguey, nicolae_slime_entry_field_trip
Lair:5:   minmay_lair_end_enchanted_forest, layout_loops_ring,
          infiniplex_staircase_pool
Swamp:1:  cheibrodos_swamp_tower_of_moss, layout_falls_marsh,
          evilmike_swamp_ruin_house_1, swamp_pool1, cheibrodos_swamp_minitomb,
          uniq_jorgrun, uniq_josephine
Swamp:2:  layout_basic_swamp, nicolae_swamp_oxbows
Swamp:3:  layout_falls_marsh, gammafunk_ghost_hydra_chop,
          nicolae_swamp_treefoil, swamp_pool1, uniq_mlioglotl
Swamp:4:  grunt_swamp_rune_castle, layout_basic_swamp
Spider:1: layout_cave_pods
Spider:2: layout_spider_delve, hangedman_spider_mandibles, worms_lemuel
Spider:3: layout_spider_delve, ebering_ghost_inner_flame, uniq_arachne,
          uniq_louise
Spider:4: spider_rune_water, nicolae_spider_nooks_and_crannies
Orc:1:    layout_caves, basic_altar, serial_shops,
          nicolae_shop_bloodbath_and_beyond, nicolae_shop_overcharged_wands
Orc:2:    st_orc_pillars, layout_caves, gauntlet_entry_generic, mines2_david
Elf:1:    nicolae_elf_arrival_fired_up, layout_loops_corners,
          ploomutoo_gammafunk_ghost_potion_laboratory, orc_legates
Elf:2:    elven_hall_of_blades_hangedman_original [mumra_blade_entry_dagger],
          layout_onion_city, infiniplex_enter_wizlab_water
Elf:3:    minmay_elf_hall_quartered_circle, layout_geoelf_grid,
          patterned_corridor
Vaults:1: ontoclasm_vaults_chip, nicolae_vaults_ellipses_ellipsis,
          nicolae_vaults_trapezoid_lopsided_2, vaults_room_corners, v_misc_12,
          nicolae_vaults_security_offices_1, nicolae_vaults_border_crossing,
          ontoclasm_vaults_decontamination, nicolae_vaults_network_periphery,
          ontoclasm_vaults_ligature, nicolae_vaults_diamond_1,
          nicolae_vaults_apartment_2, layout_vaults_ring
Vaults:2: nicolae_vaults_twisting_passages, nicolae_vaults_trapezoid_2,
          nicolae_vaults_wine_cellar, nicolae_vaults_sightless_eye,
          nicolae_vaults_trapezoid_lopsided_2, grunt_vaults_diagonal,
          vaults_dpeg_emergency_exit, nicolae_vaults_more_shelving_1,
          v_alt_pattern_1, nicolae_vaults_house_3, layout_vaults_omnicross,
          serial_shops, bzr_entry_lakeside
Vaults:3: nicolae_vaults_house_2, nicolae_vaults_big_ls,
          nicolae_vaults_tangram_2, minmay_crypt_entry_necro_gods,
          nicolae_vaults_tetromino_Z_2, vaults_mumra_hex, ontoclasm_vaults_chip,
          hangedman_vaults_stretched_pinwheel, nicolae_vaults_big_angled_halls,
          nicolae_vaults_alarming, grunt_vaults_hallway_short,
          ontoclasm_vaults_loading_screen, layout_vaults_maze_snakey
Vaults:4: ontoclasm_vaults_chip, nicolae_vaults_tangram_2,
          nicolae_vaults_trapezoid_1, ontoclasm_vaults_fault,
          dpeg_vaults_monster_box, nicolae_vaults_trapezoid_4,
          nicolae_vaults_heart-shaped_vault, layout_vaults_omnigrid
Vaults:5: serial_shops, uniq_saint_roka
Crypt:1:  layout_misc_corridors
Crypt:2:  layout_catacombs
Crypt:3:  david_glass_crypt, layout_chaotic_city,
          nicolae_tomb_entry_grand_gallery
Depths:1: layout_cave_pools, pf_hell_entry_tar_spiral, drop_trap,
          minmay_misc_feat_alley, nicolae_elyvilon_temple_path
Depths:2: lemuel_river_lethe, pan_entry, hell_entry
Depths:3: pf_snail_temple, layout_cross, enter_ziggurat_a, hell_entry,
          lemuel_tele_altar, abyss_entry, yredelemnul_forgotten_temple_becter,
          infiniplex_staircase_9_rooms
Depths:4: evilmike_zot_entry_argh, layout_basic, pf_vacation_house_of_asmodeus,
          pan_entry, wad_floor_pattern_untrapped
Zot:1:    layout_misc_corridors, uniq_parghit
Zot:2:    evilmike_crystal_ball_defense, layout_basic
Zot:3:    layout_basic
Zot:4:    ebering_greatest_show_in_zot, layout_twisted_circle, uniq_tiamat
Zot:5:    layout_twisted_circle, hellmonk_bargain_basement

Skill      XL: |  1  2  3  4  5  6  7  8  9 10 11 12 13 14 15 16 17 18 19 20 21 22 23 24 25 26 27 |
---------------+----------------------------------------------------------------------------------+-----
Maces & Flails | 3 4 5 6 7 9 11 13 15 16 20 21 22 23 25 27 | 27.0
Armour         | 2 6 10 13 17 22 | 22.6
Dodging        | 7 8 9 14 18 19 | 19.0
Fighting       | 8 9 14 17 19 22 23 24 27 | 27.0
Invocations    | 13 14 | 14.6
Evocations     | 7 |  7.5
Transmutations | 6 |  6.7
Throwing       | |  1.7

Action                     |  1- 3 |  4- 6 |  7- 9 | 10-12 | 13-15 | 16-18 | 19-21 | 22-24 | 25-27 || total
---------------------------+-------+-------+-------+-------+-------+-------+-------+-------+-------++-------
  Melee: Flail             |    45 |   173 |   289 |   108 |       |       |       |       |       ||   615
         Headbutt          |       |    10 |    54 |    98 |   220 |   287 |   277 |   166 |   626 ||  1738
         Punch             |       |       |     2 |     1 |       |       |       |       |       ||     3
         Great mace        |       |       |       |   340 |   972 |  1132 |  1067 |   500 |  1444 ||  5455
         Lajatang          |       |       |       |       |       |       |       |       |   232 ||   232
  Throw: Throwing net      |     3 |     1 |       |       |       |       |       |       |       ||     4
         Javelin           |       |     1 |     1 |     1 |       |     5 |       |       |       ||     8
   Cast: Wereblood         |       |       |       |       |       |       |    12 |    14 |    30 ||    56
         Apportation       |       |       |       |       |       |       |       |       |     6 ||     6
 Invoke: Greater Servant o |       |       |       |       |     2 |     4 |     1 |       |       ||     7
         Major Destruction |       |       |       |       |       |       |       |       |     1 ||     1
  Evoke: Wand              |       |       |       |     5 |    14 |    17 |    16 |     3 |    10 ||    65
         Tin of tremorston |       |       |       |       |       |       |       |       |     2 ||     2
    Use: Potion            |     1 |     2 |    15 |     2 |     3 |     6 |     6 |     8 |    17 ||    60
         Scroll            |       |     4 |     7 |     9 |    17 |     9 |    16 |     1 |    24 ||    87
   Stab: Sleeping          |     1 |     1 |     1 |       |       |       |     2 |       |     3 ||     8
         Held in net/web   |     1 |       |       |       |       |       |       |       |       ||     1
         Paralysed         |       |       |       |     6 |       |     4 |       |       |       ||    10
         Distracted        |       |       |       |     1 |     1 |     1 |     1 |       |    25 ||    29
         Invisible         |       |       |       |       |       |    19 |     3 |       |       ||    22
         Confused          |       |       |       |       |       |       |     1 |       |       ||     1
 Armour: Leather armour    |    12 |    28 |    26 |    74 |   156 |   183 |   141 |    83 |   123 ||   826
         Skin              |       |     2 |    43 |       |       |       |       |       |       ||    45
         Fire dragon scale |       |       |       |       |     1 |       |       |       |       ||     1
         Ring mail         |       |       |       |       |       |       |       |       |    37 ||    37
         Gold dragon scale |       |       |       |       |       |       |       |       |   240 ||   240
  Dodge: Dodged            |    26 |    81 |   110 |   207 |   531 |   785 |   848 |   404 |  1055 ||  4047
  Block: Other             |       |       |    30 |    56 |   127 |   251 |   333 |   133 |   388 ||  1318

Table legend: (Time is in decaauts)
 A = Elapsed time spent in this place.
 B = Non-inter-level travel time spent in this place.
 C = Inter-level travel time spent in this place.
 D = Time resting spent in this place.
 E = Time spent auto-exploring this place.
 F = Levels seen in this place.
 G = Mean time per level.
                   A        B        C        D        E       F      G
               +--------+--------+--------+--------+--------+-----+--------+
         Total |  66599 |  56893 |   9706 |   6996 |  32686 |  59 | 1128.8 |
       Dungeon |  21487 |  17351 |   4136 |   2878 |  10721 |  15 | 1432.5 |
        Temple |    561 |    522 |     39 |      0 |    511 |   1 |  561.0 |
          Lair |   7121 |   6262 |    859 |    861 |   4016 |   5 | 1424.2 |
         Swamp |   2712 |   2514 |    198 |    305 |   1482 |   4 |  678.0 |
   Spider Nest |   4927 |   4385 |    542 |    417 |   2292 |   4 | 1231.8 |
  Orcish Mines |   2895 |   2084 |    811 |    403 |   1017 |   2 | 1447.5 |
   Elven Halls |   4800 |   4183 |    617 |    436 |   2072 |   3 | 1600.0 |
        Vaults |   6531 |   5275 |   1256 |     14 |   3680 |   5 | 1306.2 |
         Crypt |   2794 |   2549 |    245 |    255 |   1607 |   3 |  931.3 |
        Depths |   5437 |   4806 |    631 |    475 |   2329 |   4 | 1359.2 |
           Zot |   5294 |   4927 |    367 |    541 |   2650 |   5 | 1058.8 |
         Abyss |    171 |    171 |      0 |     11 |      0 |   3 |   57.0 |
        Bazaar |    137 |    137 |      0 |      0 |     71 |   1 |  137.0 |
         Trove |    106 |    106 |      0 |      0 |     49 |   1 |  106.0 |
        Bailey |    545 |    545 |      0 |    302 |      0 |   1 |  545.0 |
        Wizlab |    664 |    664 |      0 |     95 |      6 |   1 |  664.0 |
      Gauntlet |    409 |    409 |      0 |      0 |    180 |   1 |  409.0 |
               +--------+--------+--------+--------+--------+-----+--------+

Top non-repeatable levels by time:
     D:6: 2265 daAuts
    D:13: 2048 daAuts
   Elf:1: 1952 daAuts
   Orc:2: 1913 daAuts
Depths:2: 1860 daAuts
     D:9: 1755 daAuts
Vaults:5: 1694 daAuts
    D:10: 1692 daAuts
     D:5: 1655 daAuts
    D:15: 1648 daAuts
    D:11: 1567 daAuts
Spider:4: 1559 daAuts
Depths:3: 1547 daAuts
  Lair:1: 1511 daAuts
Vaults:1: 1508 daAuts
